 Dungeon Crawl Stone Soup version 0.31.0-32-g396128a36d (webtiles) character file.

Game seed: 13130379780073370275

4704 monsoonserge the Grappler (level 10, 0/76 HPs)
             Began as a Gnoll Shapeshifter on Mar 11, 2024.
             Was a Priest of Wu Jian.
             Killed from afar by an efreet (13 damage)
             ... with a bolt of fire
             ... on level 9 of the Dungeon.
             The game lasted 00:29:41 (9468 turns).

monsoonserge the Grappler (Gnoll Shapeshifter)      Turns: 9468, Time: 00:29:41

Health: 0/76       AC:  9    Str: 19    XL:     10   Next: 45%
Magic:  18/18      EV: 12    Int: 12    God:    Wu Jian [***...]
Gold:   259        SH:  9    Dex: 11    Spells: 20/20 levels left

rFire   . .          .
                       - Unarmed
rCold   . . .        m - +0 kite shield
rNeg    . . .        n - +3 ring mail of Carved the Good {rElec Will+ Int+3}
rPois   .            (helmet currently unavailable)
rElec   +            (cloak currently unavailable)
rCorr   +            h - melded +0 pair of gloves
SInv    .            j - melded +0 pair of boots
Will    +....        (no amulet)
Stlth   ++           t - ring of resist corrosion
HPRegen 0.32/turn    (no ring)
MPRegen 0.16/turn

%: no passive effects
@: beast-form, fragile (+50% incoming damage)
A: beast (slay +4), fangs 1, strong nose, distributed training
a: Begin Untransformation, Renounce Religion, Wall Jump, Serpent's Lash


You were on level 9 of the Dungeon.
You worshipped Wu Jian.
Wu Jian was most pleased with you.
You were a hulking beast.
You visited 2 branches of the dungeon, and saw 10 of its levels.

You collected 540 gold pieces.
You spent 281 gold pieces at shops.

Inventory:

Missiles
 g - 25 poisoned darts
 i - 2 boomerangs (quivered)
 r - 2 throwing nets
Armour
 h - a +0 pair of gloves (melded)
 j - a +0 pair of boots (melded)
 m - a +0 kite shield (worn)
 n - the +3 ring mail of Carved the Good (worn) {rElec Will+ Int+3}
   (You found it on level 2 of the Dungeon)

   Int+3:     It affects your intelligence (+3).
   rElec:     It insulates you from electricity.
   Will+:     It increases your willpower.
 A - a +2 leather armour of poison resistance
 D - a +1 ring mail of cold resistance
Jewellery
 t - a ring of resist corrosion (left hand)
Talismans
 c - a beast talisman (active)
 d - a flux talisman
 H - a blade talisman
 N - a maw talisman
Wands
 z - a wand of flame (66)
 G - a wand of acid (5)
 I - a wand of digging (6)
 M - a wand of charming (12)
Scrolls
 a - 2 scrolls of teleportation {unknown}
 k - 3 scrolls of identify {unknown}
 l - a scroll of acquirement {unknown}
 o - 3 scrolls of blinking {unknown}
 p - a scroll of revelation {unknown}
 q - 2 scrolls of summoning {unknown}
 y - a scroll of fog {unknown}
 E - a scroll of enchant armour {unknown}
 F - 2 scrolls of amnesia {unknown}
 K - a scroll of enchant weapon {unknown}
 L - a scroll of immolation {unknown}
Potions
 b - a potion of magic {unknown}
 e - a potion of cancellation {unknown}
 f - 2 potions of curing
 s - a potion of resistance {unknown}
 u - 2 potions of invisibility
 v - 2 potions of attraction {unknown}
 w - 2 potions of enlightenment {unknown}
 x - 2 potions of heal wounds
 B - 2 potions of mutation {unknown}
 C - 3 potions of might
 J - 2 potions of haste {unknown}


   Skills:
 + Level 6.1 Fighting
 + Level 5.5 Short Blades
 + Level 5.5 Long Blades
 + Level 5.5 Axes
 + Level 5.5 Maces & Flails
 + Level 5.5 Polearms
 + Level 5.5 Staves
 + Level 5.5 Ranged Weapons
 + Level 5.5 Throwing
 + Level 5.5 Armour
 + Level 7.2 Dodging
 + Level 5.5 Stealth
 + Level 5.5 Shields
 + Level 8.6 Unarmed Combat
 + Level 5.5 Spellcasting
 + Level 4.5 Conjurations
 + Level 4.5 Hexes
 + Level 4.5 Summonings
 + Level 4.5 Necromancy
 + Level 4.5 Translocations
 + Level 4.5 Fire Magic
 + Level 4.5 Ice Magic
 + Level 4.5 Air Magic
 + Level 4.5 Earth Magic
 + Level 4.5 Alchemy
 + Level 6.0 Invocations
 + Level 5.5 Evocations
 + Level 8.3 Shapeshifting


You had 20 spell levels left.
You didn't know any spells.
Your spell library contained the following spells:

 Spells                   Type           Power      Damage    Failure   Level
 Static Discharge         Conj/Air       28%        3-5/arc   17%         2
 Dazzling Flash           Conj/Hex       28%        N/A       32%         3
 Frozen Ramparts          Ice            28%        1d5       32%         3
 Mephitic Cloud           Conj/Alch/Air  14%        N/A       32%         3
 Airstrike                Air            7%         2d(1-17)  73%         4
 Cause Fear               Hex            7%         N/A       73%         4
 Leda's Liquefaction      Alch/Erth      7%         N/A       73%         4
 Petrify                  Alch/Erth      14%        N/A       73%         4
 Summon Lightning Spire   Summ/Air       14%        N/A       73%         4
 Curse of Agony           Necr           14%        N/A       97%         5
 Fireball                 Conj/Fire      7%         3d5       97%         5
 Metabolic Englaciation   Hex/Ice        7%         N/A       97%         5
 Silence                  Hex/Air        7%         N/A       97%         5
 Dragon's Call            Summ           7%         N/A       100%        9


Dungeon Overview and Level Annotations

Branches:
Dungeon (9/15)             Temple (1/1) D:4             Orc (0/2) D:9
   Lair: D:8-11

Altars:
Ashenzari
Cheibriados
Dithmenos
Elyvilon
Fedhas
Gozag
Hepliaklqana
Kikubaaqudgha
Makhleb
Nemelex Xobeh
Okawaru
Qazlal
Ru
Sif Muna
Trog
Uskayaw
Vehumet
Wu Jian
Xom
Yredelemnul
Zin
The Shining One

Shops:
D:8 !=!(

Annotations:
D:6 Jeremiah
D:8 Maurice


Innate Abilities, Weirdness & Mutations

You are a hulking beast.
Your limbs bulge with bestial killing power. (Slay +4)
You have very sharp teeth.
Your uncanny sense of smell can sniff out nearby items.
Your experience applies equally to all skills.


Message History

The Council accepts your kill.
A yak comes into view.
The kobold hits you with a +0 short sword.
The yak moves out of view.
Items here: ( )) ††.
You hit the kobold.
You kill the kobold!
The Council accepts your kill.
You punch the kobold!
You kill the kobold!
The Council accepts your kill.
You punch the kobold!
You kill the kobold!
The Council accepts your kill.
Okay, then.
Throw: 2 boomerangs
Press: ? - help, Q - select action, (/) - cycle Shift-Dir - straight line, f - efreet
Aim: an efreet, wielding a +1 scimitar of flaming (81% to hit)
You throw a boomerang. The boomerang hits the efreet!
The efreet is moderately wounded.
The efreet gestures at you. The bolt of fire misses you.
The tree burns like a torch!
You hit the efreet.
The efreet is moderately wounded.
A howler monkey comes into view.
The efreet gestures at you.
The fireball explodes!
The fireball engulfs you!!
* * * LOW HITPOINT WARNING * * *
The tree burns like a torch!
The fireball engulfs the efreet.
The efreet completely resists.
The howler monkey howls!
You hear a bellow! x2
You hear an angry buzzing noise.
Unknown command.
Unknown command.
Unknown command.
You feel much better.
You are engulfed in blazing flames.
* * * LOW HITPOINT WARNING * * *
The efreet gestures at you. The bolt of fire hits you!
You die...

#.#.### #.....# #.....#
#.....##. #.........
#..####### ##
#..#♣♣.♣♣#♣♣§♣
######..#♣...♣#§§§♣♣#.♣
........#......§h§....♣
######..#♣...♣#§§R♣♣#.♣
......<.#♣♣.♣♣#♣♣.♣
#######.# ♣.# °# ....#
#.#♣♣.♣♣ .♣ ....#
#.#≈≈~P♣ h♣ ....
#.#♣♣P~♣# .♣ #. ...#
#.# ♣♣♣~# .. #. #B.#
##.# ♣P~♣# #.##..#


You could see an efreet and a howler monkey.

Vanquished Creatures
  A troll (D:6)
  A glass eye (shapeshifter) (D:9)
  2 wraiths
  Menkaure (D:4)
  A swamp drake (D:9)
  2 black bears
  An ice beast (D:7)
  3 orc warriors (D:9)
  2 centaurs
  An ogre (D:6)
  3 kobold brigands
  3 bullfrogs
  3 scorpions
  2 gnoll sergeants
  15 wights
  8 killer bees
  2 howler monkeys
  3 bombardier beetles
  2 jellies
  7 orc priests
  2 hounds
  An iguana (D:5)
  10 orc wizards
  7 gnolls
  12 adders
  A shadow imp (D:7)
  6 white imps
  3 ribbon worms
  The ghost of seawaffle the Sneak, a weakling DsDe (D:4)
  3 dart slugs
  41 orcs
  5 ball pythons
  5 bats
  4 endoplasms
  4 giant cockroaches
  9 goblins
  6 hobgoblins
  6 jackals (D:3)
  4 quokkas
  9 frilled lizards
  15 kobolds
  4 rats
221 creatures vanquished.

Notes
Turn   | Place    | Note
-------+----------+-------------------------------------------
     0 | D:1      | monsoonserge the Gnoll Shapeshifter began the quest for the
                  | Orb.
     0 | D:1      | Reached XP level 1. HP: 17/17 MP: 1/1
   205 | D:1      | Reached XP level 2. HP: 23/23 MP: 2/2
   354 | D:1      | Found a faded altar of an unknown god.
   700 | D:2      | Reached XP level 3. HP: 24/28 MP: 2/4
   741 | D:2      | Reached skill level 1 in Invocations
   767 | D:2      | Identified the +3 ring mail of Carved the Good {rElec Will+
                  | Int+3}
   823 | D:2      | Reached skill level 1 in Short Blades
   823 | D:2      | Reached skill level 1 in Long Blades
   823 | D:2      | Reached skill level 1 in Axes
   823 | D:2      | Reached skill level 1 in Maces & Flails
   823 | D:2      | Reached skill level 1 in Polearms
   823 | D:2      | Reached skill level 1 in Staves
   823 | D:2      | Reached skill level 1 in Ranged Weapons
   823 | D:2      | Reached skill level 1 in Throwing
   823 | D:2      | Reached skill level 1 in Armour
   823 | D:2      | Reached skill level 1 in Stealth
   823 | D:2      | Reached skill level 1 in Shields
   823 | D:2      | Reached skill level 1 in Spellcasting
   823 | D:2      | Reached skill level 1 in Evocations
  1066 | D:2      | Reached XP level 4. HP: 34/34 MP: 5/5
  1331 | D:2      | Reached skill level 1 in Conjurations
  1331 | D:2      | Reached skill level 1 in Hexes
  1331 | D:2      | Reached skill level 1 in Summonings
  1331 | D:2      | Reached skill level 1 in Necromancy
  1331 | D:2      | Reached skill level 1 in Translocations
  1331 | D:2      | Reached skill level 1 in Fire Magic
  1331 | D:2      | Reached skill level 1 in Ice Magic
  1331 | D:2      | Reached skill level 1 in Air Magic
  1331 | D:2      | Reached skill level 1 in Earth Magic
  1331 | D:2      | Reached skill level 1 in Alchemy
  1566 | D:3      | Reached XP level 5. HP: 31/40 MP: 5/7
  2095 | D:4      | Found a shimmering altar of Xom.
  2165 | D:4      | Noticed Menkaure
  2175 | D:4      | Killed Menkaure
  2176 | D:4      | Reached skill level 5 in Dodging
  2176 | D:4      | Reached XP level 6. HP: 41/47 MP: 7/9
  2340 | D:4      | Found a staircase to the Ecumenical Temple.
  2355 | Temple   | Entered the Ecumenical Temple
  2426 | Temple   | Became a worshipper of the Wu Jian Council
  2511 | D:4      | Noticed a black bear
  2518 | D:4      | Killed a black bear
  2654 | D:4      | Reached XP level 7. HP: 51/52 MP: 10/10
  2698 | D:4      | Found a runed translucent gate.
  2699 | D:4      | Found a runed translucent gate.
  2700 | D:4      | Found a runed translucent gate.
  2703 | D:4      | Noticed seawaffle's ghost (weakling DsDe)
  3108 | D:5      | Entered Level 5 of the Dungeon
  3334 | D:5      | Found an iron altar of Okawaru.
  3673 | D:5      | Reached XP level 8. HP: 57/60 MP: 12/12
  4006 | D:5      | Found a snail-covered altar of Cheibriados.
  4006 | D:5      | Found a sacrificial altar of Ru.
  4120 | D:6      | Reached * piety under Wu Jian
  4313 | D:6      | Noticed Jeremiah
  4376 | D:6      | Identified the +3 hand axe of the Many Continents {freeze,
                  | rF+ Str+2 Int+2}
  4395 | D:6      | Noticed a wraith
  4411 | D:6      | Killed a wraith
  4943 | D:7      | Reached XP level 9. HP: 49/66 MP: 14/14
  5749 | D:8      | Found Ledojiv's Jewellery Shop.
  5749 | D:8      | Found Kygu's Distillery.
  5749 | D:8      | Found Zouguiwi's Antique Weapon Shop.
  5750 | D:8      | Found Duew's Distillery.
  5789 | D:8      | Bought a potion of might for 52 gold pieces
  5789 | D:8      | Bought a potion of invisibility for 104 gold pieces
  5789 | D:8      | Bought a potion of degeneration for 13 gold pieces
  5793 | D:8      | Bought a potion of curing for 42 gold pieces
  5793 | D:8      | Bought a potion of heal wounds for 70 gold pieces
  5826 | D:8      | Reached skill level 5 in Fighting
  6017 | D:8      | Reached ** piety under Wu Jian
  6257 | D:9      | Reached skill level 5 in Invocations
  6512 | D:9      | Found a glowing golden altar of the Shining One.
  7053 | D:4      | Killed seawaffle's ghost
  7179 | D:6      | Noticed a troll
  7204 | D:6      | Killed a troll
  7205 | D:6      | Reached skill level 5 in Short Blades
  7205 | D:6      | Reached skill level 5 in Long Blades
  7205 | D:6      | Reached skill level 5 in Axes
  7205 | D:6      | Reached skill level 5 in Maces & Flails
  7205 | D:6      | Reached skill level 5 in Polearms
  7205 | D:6      | Reached skill level 5 in Staves
  7205 | D:6      | Reached skill level 5 in Ranged Weapons
  7205 | D:6      | Reached skill level 5 in Throwing
  7205 | D:6      | Reached skill level 5 in Armour
  7205 | D:6      | Reached skill level 5 in Stealth
  7205 | D:6      | Reached skill level 5 in Shields
  7205 | D:6      | Reached skill level 5 in Spellcasting
  7205 | D:6      | Reached skill level 5 in Evocations
  7205 | D:6      | Reached XP level 10. HP: 10/76 MP: 17/17
  7756 | D:8      | Identified the +7 falchion "Xuexy" {holy, rElec MP+9 Int-5}
  8004 | D:8      | Noticed Maurice
  8254 | D:9      | Reached *** piety under Wu Jian
  8424 | D:9      | Found a staircase to the Orcish Mines.
  9128 | D:9      | Noticed a boulder beetle
  9441 | D:9      | Noticed a black mamba
  9446 | D:9      | a black mamba changed into a basilisk
  9468 | D:9      | Killed from afar by an efreet

Illustrated notes

Levels and vault maps discovered:
D:1:      dpeg_arrival_long_road, layout_basic,
          shapermc_ecumenical_altar_acropolis, minmay_tetromino_t2
D:2:      layout_basic
D:3:      layout_basic
D:4:      minmay_diamond_boxcup, layout_loops_ring,
          mainiacjoe_overflow_cross_hatched, minmay_temple_entry_waves,
          biasface_ghost_orc_armoury, uniq_menkaure
D:5:      layout_loops_ring, mainiacjoe_overflow_surrounded_room,
          gammafunk_temple_overflow_pools
D:6:      layout_basic, minmay_holes, uniq_jeremiah
D:7:      layout_basic
D:8:      layout_basic, hangedman_decor_growths, minmay_shop_grid_forest,
          mrwooster_statue_mirror, serial_bayou_pond_b, uniq_maurice
D:9:      nzn_winding_woodlands_medium [nzn_winding_woodlands_5x5_checkerboard,
          nzn_winding_woodlands_5x15_pockets,
          nzn_winding_woodlands_5x5_perimeter,
          nzn_winding_woodlands_5x5_default,
          nzn_winding_woodlands_center_pierced_h,
          nzn_winding_woodlands_5x5_cross,
          nzn_winding_woodlands_5x5_closed_star,
          nzn_winding_woodlands_5x15_lazy_stream,
          nzn_winding_woodlands_5x5_default], layout_loops_ring,
          mainiacjoe_overflow_concentric_impassable, erik_orc_1
Temple:   minmay_temple_bridge_d

Skill      XL: |  1  2  3  4  5  6  7  8  9 10 |
---------------+-------------------------------+-----
Invocations    | 1 2 3 4 5 6 |  6.0
Short Blades   | 1 2 3 5 |  5.5
Long Blades    | 1 2 3 5 |  5.5
Axes           | 1 2 3 5 |  5.5
Maces & Flails | 1 2 3 5 |  5.5
Polearms       | 1 2 3 5 |  5.5
Staves         | 1 2 3 5 |  5.5
Ranged Weapons | 1 2 3 5 |  5.5
Throwing       | 1 2 3 5 |  5.5
Armour         | 1 2 3 5 |  5.5
Stealth        | 1 2 3 5 |  5.5
Shields        | 1 2 3 5 |  5.5
Spellcasting   | 1 2 3 5 |  5.5
Evocations     | 1 2 3 5 |  5.5
Conjurations   | 1 2 3 4 |  4.5
Hexes          | 1 2 3 4 |  4.5
Summonings     | 1 2 3 4 |  4.5
Necromancy     | 1 2 3 4 |  4.5
Translocations | 1 2 3 4 |  4.5
Fire Magic     | 1 2 3 4 |  4.5
Ice Magic      | 1 2 3 4 |  4.5
Air Magic      | 1 2 3 4 |  4.5
Earth Magic    | 1 2 3 4 |  4.5
Alchemy        | 1 2 3 4 |  4.5
Fighting       | 3 4 5 6 |  6.1
Dodging        | 5 6 7 |  7.2
Unarmed Combat | 7 8 |  8.6
Shapeshifting  | 7 8 |  8.3

Action                     |  1- 3 |  4- 6 |  7- 9 | 10-12 || total
---------------------------+-------+-------+-------+-------++-------
  Melee: Unarmed           |    78 |   153 |   348 |   156 ||   735
         Bite              |    13 |    14 |    40 |    20 ||    87
         Punch             |     2 |       |       |       ||     2
  Throw: Dart              |       |     1 |     9 |       ||    10
         Boomerang         |       |       |     4 |     1 ||     5
Ability: Lunge             |       |       |    19 |    17 ||    36
         Whirlwind         |       |       |    67 |    23 ||    90
  Evoke: Wand              |       |       |     1 |     2 ||     3
    Use: Potion            |       |       |     3 |     1 ||     4
   Stab: Sleeping          |       |     1 |     5 |       ||     6
         Invisible         |       |       |     1 |     1 ||     2
 Armour: Ring mail         |    26 |    55 |   154 |    69 ||   304
         Skin              |     5 |       |    13 |       ||    18
  Dodge: Dodged            |    37 |    57 |    85 |    57 ||   236
  Block: Kite shield       |     9 |    54 |   107 |    50 ||   220
   Form: Flux              |     2 |       |     1 |     1 ||     4
         Beast             |     2 |       |     1 |     2 ||     5
         Blade             |       |       |       |     1 ||     1
